 Dungeon Crawl Stone Soup version 0.30-a0-808-g6e0788376e (webtiles) character file.

Game seed: 18317857048270237662

19861 Demosthentine the Pandemonic (level 12, -41/97 HPs)
             Began as a Demonspawn Gladiator on Feb 26, 2023.
             Was a High Priest of Makhleb.
             Annihilated by an enormous slime creature (79 damage)
             ... on level 12 of the Dungeon.
             The game lasted 00:15:09 (12203 turns).

Demosthentine the Pandemonic (DsGl)                Turns: 12203, Time: 00:15:10

Health: -41/97     AC: 14    Str: 16    XL:     12   Next: 40%
Magic:  20/20      EV: 17    Int: 11    God:    Makhleb [*****.]
Gold:   1633       SH:  6    Dex: 17    Spells: 11/11 levels left

rFire   . . .      SeeInvis .    D - +3 trident (heavy)
rCold   . . .      Faith    .    o - +0 buckler
rNeg    . . .      Spirit   .    A - +1 steam dragon scales
rPois   +          Reflect  .    (helmet unavailable)
rElec   .          Harm     .    l - +2 cloak {Stlth+}
rCorr   .          Rampage  .    s - +0 pair of gloves
Will    .....                    j - +0 pair of boots
Stlth   +++                      k - amulet of the acrobat
HPRegen 0.36/turn                i - ring of poison resistance
MPRegen 0.17/turn                c - ring of wizardry

@: no status effects
A: horns 3, thin metallic scales 1, ignite blood 3, spiny 1
a: Renounce Religion, Minor Destruction, Lesser Servant of Makhleb, Major
Destruction, Greater Servant of Makhleb


You were on level 12 of the Dungeon.
You worshipped Makhleb.
Makhleb was extremely pleased with you.
You visited 2 branches of the dungeon, and saw 13 of its levels.
You also visited: Ossuary.

You collected 1906 gold pieces.
You spent 273 gold pieces at shops.

Inventory:

Hand Weapons
 D - a +3 heavy trident (weapon)
Missiles
 d - a throwing net (quivered)
 e - a javelin
 p - 4 silver javelins
Armour
 j - a +0 pair of boots (worn)
 l - a +2 cloak of stealth (worn)
 o - a +0 buckler (worn)
 s - a +0 pair of gloves (worn)
 A - +1 steam dragon scales (worn)
Jewellery
 c - a ring of wizardry (right hand)
 h - a +5 ring of evasion
 i - a ring of poison resistance (left hand)
 k - an amulet of the acrobat (around neck)
 F - a ring of see invisible
 G - a ring of willpower
Wands
 t - a wand of paralysis (5)
 v - a wand of flame (36)
 I - a wand of iceblast (3)
Scrolls
 a - a scroll of enchant armour
 q - 3 scrolls of fog
 w - a scroll of identify
 y - 4 scrolls of amnesia
 C - a scroll of teleportation
Potions
 b - a potion of lignification
 f - 5 potions of brilliance
 g - 5 potions of haste
 m - 2 potions of flight
 n - 11 potions of curing
 r - 3 potions of might
 u - 2 potions of heal wounds
 x - a potion of mutation
 z - 5 potions of ambrosia
 B - 2 potions of magic
 E - a potion of invisibility
 H - 3 potions of attraction


   Skills:
 + Level 10.2 Fighting
 + Level 9.6 Polearms
 - Level 1.7 Throwing
 - Level 5.0 Armour
 + Level 9.7 Dodging
 - Level 5.4 Shields
 + Level 10.7 Invocations


You had 11 spell levels left.
You didn't know any spells.
Your spell library contained the following spells:

 Spells                   Type           Power      Damage    Failure   Level
 Beastly Appendage        Tmut           0%         N/A       17%         1
 Kiss of Death            Conj/Necr      0%         2d5       17%         1
 Cigotuvi's Dreadful Rot  Necr/Pois/Air  0%         N/A       26%         2
 Poisonous Vapours        Pois/Air       0%         N/A       26%         2
 Wereblood                Tmut           0%         N/A       26%         2
 Call Canine Familiar     Summ           0%         N/A       45%         3
 Confusing Touch          Hex            0%         N/A       45%         3
 Mephitic Cloud           Conj/Pois/Air  0%         N/A       45%         3
 Portal Projectile        Hex/Tloc       0%         N/A       45%         3
 Spider Form              Tmut/Pois      0%         N/A       45%         3
 Stone Arrow              Conj/Erth      0%         3d7       45%         3
 Animate Armour           Summ/Erth      0%         N/A       85%         4
 Dispel Undead            Necr           0%         3d6       85%         4
 Leda's Liquefaction      Hex/Erth       0%         N/A       85%         4
 Freezing Cloud           Conj/Ice/Air   0%         6-21      99%         5
 Simulacrum               Ice/Necr       0%         N/A       100%        6
 Lehudib's Crystal Spear  Conj/Erth      0%         10d2      100%        8
 Polar Vortex             Ice            0%         N/A       100%        9


Dungeon Overview and Level Annotations

Branches:
Dungeon (12/15)            Temple (1/1) D:7            Lair (0/5) D:8
    Orc (0/2) D:10        Ossuary (visited)

Altars:
Ashenzari
Cheibriados
Dithmenos
Fedhas
Gozag
Hepliaklqana
Kikubaaqudgha
Makhleb
Nemelex Xobeh
Okawaru
Qazlal
Ru
Sif Muna
Trog
Uskayaw
Vehumet
Wu Jian
Xom
Yredelemnul

Shops:
D:1 =   D:6 !   D:9 :


Innate Abilities, Weirdness & Mutations

You have a pair of large horns on your head.
You are partially covered in thin metallic scales. (AC +2)
Your demonic aura causes all spilled blood to erupt in flames.
You are partially covered in sharp spines.


Message History

The very large slime creature hits you!!
You impale the very large slime creature!!
You headbutt the very large slime creature!
The very large slime creature is almost dead.
Two slime creatures merge to form an enormous slime creature.
You barely miss the enormous slime creature.
You headbutt the enormous slime creature, but do no damage.
The enormous slime creature is severely wounded.
The enormous slime creature closely misses you.
You hit the enormous slime creature.
You headbutt the enormous slime creature!
The enormous slime creature is severely wounded.
The enormous slime creature is struck by your spines.
The enormous slime creature barely misses you.
The enormous slime creature is engulfed in blazing flames.
There is an open door here.
The enormous slime creature attacks as you move away!
You block the enormous slime creature's attack.
The enormous slime creature is engulfed in blazing flames.
The enormous slime creature attacks as you move away!
The enormous slime creature hits you!
The enormous slime creature is engulfed in blazing flames.
The enormous slime creature attacks as you move away!
The enormous slime creature hits you but does no damage.
The enormous slime creature is engulfed in blazing flames.
There is an open door, spattered with blood here.
You see here 2 large rocks.
Throw: throwing net
Press: ? - help, Q - select action, (/) - cycle Shift-Dir - straight line, f - enormous slime creature
Aim: an enormous slime creature (almost dead, 84% to hit, immune to nets)
Okay, then.
Aiming: Major Destruction (1% risk of failure)
Press: ? - help, Shift-Dir - straight line, f - enormous slime creature
Aim: an enormous slime creature (almost dead)
The bolt of fire hits the enormous slime creature!!
The enormous slime creature is almost dead.
The enormous slime creature is struck by your spines.
The enormous slime creature hits you!!!!
Ouch! That really hurt!
You die...

###........# #.....# #.'..... #
##.####### ##'#### ###..... #
#....## #...# ##.### # ####..#
###.# #..## #####'### #.# #....
~♣#.......# ######.#### #....
~~........# #.........####....
~.#.......#####............#....
#....(..##..J@......).##.#....
+.......'(.##.........##......
#.......#########.########....
#.......# ##.# ##### #.......#
###..# #. ######'## ##...## ##.
#.....# #..### #<. ####'######
#.## ###'#
##.........#####'####### #....


You could see an enormous slime creature.

Vanquished Creatures
  Jorgrun (D:12)
  Snorg (D:11)
  The ghost of sasquatch the Thaumaturge, a journeyman DjHW of Makhleb (D:9)
  5 two-headed ogres
  A boulder beetle (D:11)
  A deep elf pyromancer (D:10)
  An ugly thing (D:12)
  3 cyclopes (D:12)
  A manticore (D:11)
  2 gargoyles
  3 kobold demonologists
  2 unseen horror zombies (D:8)
  A queen bee (D:9)
  3 trolls
  2 hornets (D:9)
  A shadow (D:11)
  A vampire (D:9)
  A wyvern (D:8)
  3 yaks (D:10)
  A wraith (D:12)
  Eustachio (D:6)
  3 steam dragons
  Grum (D:11)
  Menkaure (D:6)
  2 acid dragons
  3 water moccasins
  A swamp drake (D:10)
  8 orc warriors
  2 black bears (D:8)
  A hornet zombie (D:8)
  An ogre (D:5)
  2 sky beasts (D:7)
  3 wolves (D:11)
  5 centaurs
  2 phantoms
  2 elf zombies
  A kobold brigand (D:8)
  3 necrophages
  A gnoll sergeant (D:7)
  7 bullfrogs
  2 elf skeletons (D:5)
  2 scorpions
  3 wights (D:10)
  11 killer bees (D:9)
  4 electric eels
  5 howler monkeys
  A crimson imp (D:7)
  3 centaur zombies
  2 human zombies
  3 jellies
  4 hounds
  9 orc priests
  3 iguanas
  Crazy Yiuf (D:6)
  3 human skeletons (D:5)
  21 orc wizards
  A killer bee zombie (D:8)
  3 mummies
  3 howler monkey zombies (D:8)
  Robin (D:2)
  4 gnolls (D:7)
  9 adders
  2 shadow imps
  2 white imps (D:7)
  A dart slug (D:3)
  47 orcs
  7 ball pythons
  7 bats
  7 endoplasms
  A giant cockroach (D:1)
  10 goblins
  6 hobgoblins
  3 jackals (D:2)
  5 quokkas
  7 frilled lizards
  3 goblin zombies (Ossuary)
  12 hobgoblin zombies (Ossuary)
  A jackal zombie (Ossuary)
  12 kobolds
  12 kobold zombies (Ossuary)
  4 orc skeletons (D:5)
  6 orc zombies
  9 rats
  A rat zombie (Ossuary)
348 creatures vanquished.

Vanquished Creatures (others)
  An orc wizard (D:7)
  4 fungi (D:8)
  29 plants
34 creatures vanquished.

Grand Total: 382 creatures vanquished

Notes
Turn   | Place    | Note
-------+----------+-------------------------------------------
     0 | D:1      | Demosthentine the Demonspawn Gladiator began the quest for
                  | the Orb.
     0 | D:1      | Reached XP level 1. HP: 16/16 MP: 1/1
   171 | D:1      | Gained mutation: Your demonic aura sometimes causes spilled
                  | blood to erupt in flames. [demonic ancestry]
   171 | D:1      | Reached XP level 2. HP: 14/22 MP: 2/2
   330 | D:1      | Found Zaluno's Jewellery Boutique.
   447 | D:1      | Found a faded altar of an unknown god.
   585 | D:2      | Reached skill level 1 in Armour
   585 | D:2      | Gained mutation: You have a pair of small horns on your
                  | head. [demonic ancestry]
   585 | D:2      | Reached XP level 3. HP: 27/28 MP: 3/3
   689 | D:2      | HP: 1/28 [orc/+0 dagger (2)]
   708 | D:2      | Gained mutation: You are partially covered in thin metallic
                  | scales. (AC +2) [demonic ancestry]
   708 | D:2      | Reached XP level 4. HP: 6/34 MP: 4/4
   988 | D:2      | Reached skill level 1 in Shields
   991 | D:2      | Identified the +1 leather armour of Virtue {rF+ rC- Stlth+}
  1075 | D:2      | Noticed Robin
  1094 | D:2      | Killed Robin
  1478 | D:3      | Found a blossoming altar of Fedhas.
  1691 | D:3      | Reached XP level 5. HP: 41/41 MP: 5/5
  2033 | D:3      | Found a burning altar of Makhleb.
  2033 | D:3      | Noticed a cacodemon
  2182 | D:3      | Noticed a ynoxinul
  2182 | D:3      | Noticed a ynoxinul
  2184 | D:3      | Became a worshipper of Makhleb the Destroyer
  2185 | D:3      | Identified a scroll of acquirement
  2185 | D:3      | Acquired 1013 gold pieces
  2206 | D:4      | Gained mutation: Your demonic aura often causes spilled
                  | blood to erupt in flames. [demonic ancestry]
  2206 | D:4      | Reached XP level 6. HP: 47/47 MP: 6/6
  2475 | D:4      | Found a shadowy altar of Dithmenos.
  2637 | D:4      | Paralysed by an orc for 4 turns
  2653 | D:4      | Reached * piety under Makhleb
  2662 | D:4      | Reached XP level 7. HP: 23/53 MP: 7/7
  2962 | D:5      | Entered Level 5 of the Dungeon
  3350 | D:5      | Found a sand-covered staircase.
  3362 | D:5      | Gained mutation: Your demonic aura causes all spilled blood
                  | to erupt in flames. [demonic ancestry]
  3362 | D:5      | Reached XP level 8. HP: 57/61 MP: 8/8
  3365 | Ossuary  | Entered an ossuary
  3392 | Ossuary  | Reached ** piety under Makhleb
  3551 | Ossuary  | Reached *** piety under Makhleb
  3698 | D:5      | Reached skill level 5 in Dodging
  3765 | D:5      | Reached skill level 5 in Fighting
  3765 | D:5      | Reached skill level 5 in Polearms
  3767 | D:5      | Found a shimmering blue altar of Sif Muna.
  4051 | D:6      | Noticed Menkaure
  4058 | D:6      | Noticed a troll
  4065 | D:6      | Killed Menkaure
  4067 | D:6      | Killed a troll
  4099 | D:6      | Noticed Eustachio
  4118 | D:6      | Killed Eustachio
  4411 | D:6      | Found Aplaiw's Distillery.
  4421 | D:6      | Bought a potion of curing for 39 gold pieces
  4421 | D:6      | Bought a potion of heal wounds for 65 gold pieces
  4421 | D:6      | Bought a potion of berserk rage for 65 gold pieces
  4421 | D:6      | Bought a potion of mutation for 104 gold pieces
  4598 | D:6      | Found a runed translucent door.
  4599 | D:6      | Noticed Crazy Yiuf
  4676 | D:6      | Gained mutation: You are partially covered in sharp spines.
                  | [demonic ancestry]
  4676 | D:6      | Reached XP level 9. HP: 67/68 MP: 9/9
  5124 | D:6      | Killed Crazy Yiuf
  5204 | D:7      | Reached skill level 5 in Armour
  5267 | D:7      | Found a broken altar of Ashenzari.
  5508 | D:7      | Reached skill level 5 in Shields
  5508 | D:7      | Reached skill level 1 in Invocations
  5676 | D:7      | Reached **** piety under Makhleb
  5733 | D:7      | Noticed a gargoyle
  5751 | D:7      | Killed a gargoyle
  6227 | D:7      | Found a staircase to the Ecumenical Temple.
  6234 | Temple   | Entered the Ecumenical Temple
  6403 | D:8      | Found a bloodstained altar of Trog.
  6550 | D:8      | Reached XP level 10. HP: 76/77 MP: 12/12
  6573 | D:8      | Found a staircase to the Lair.
  6972 | D:8      | Found a basalt altar of Yredelemnul.
  6994 | D:8      | Reached skill level 5 in Invocations
  7120 | D:8      | Noticed a two-headed ogre
  7130 | D:8      | Killed a two-headed ogre
  7130 | D:8      | Reached ***** piety under Makhleb
  7517 | D:9      | Noticed a two-headed ogre
  7527 | D:9      | Killed a two-headed ogre
  7608 | D:9      | Found a transporter.
  7635 | D:9      | Found Sesk's Self-Improvement Boutique.
  7834 | D:9      | Found a transporter.
  7834 | D:9      | Noticed sasquatch's ghost (journeyman DjHW)
  8203 | D:9      | Gained mutation: You have a pair of horns on your head.
                  | [demonic ancestry]
  8203 | D:9      | Reached XP level 11. HP: 47/86 MP: 16/16
  8469 | D:9      | Paralysed by a hornet for 1 turns
  8589 | D:9      | Killed sasquatch's ghost
  8591 | D:9      | Identified the +11 plate armour of the Locust {+Inv rCorr
                  | SInv}
  8592 | D:9      | Identified the +10 sling "Afygifog" {flame, MP+9}
  8619 | D:10     | Entered Level 10 of the Dungeon
  9076 | D:10     | Noticed a deep elf pyromancer
  9085 | D:10     | Killed a deep elf pyromancer
  9385 | D:10     | Found a staircase to the Orcish Mines.
  9862 | D:11     | Noticed a boulder beetle
 10090 | D:11     | Killed a boulder beetle
 10200 | D:11     | You fall into a shaft and drop 1 floor!
 10348 | D:11     | Noticed Snorg
 10353 | D:11     | Killed Snorg
 10503 | D:11     | Noticed Grum
 10513 | D:11     | Killed Grum
 10946 | D:12     | Noticed a two-headed ogre
 10950 | D:12     | Noticed a two-headed ogre
 10960 | D:11     | Killed a two-headed ogre
 11375 | D:11     | Killed a two-headed ogre
 11376 | D:11     | Gained mutation: You have a pair of large horns on your
                  | head. [demonic ancestry]
 11376 | D:11     | Reached XP level 12. HP: 57/97 MP: 19/19
 11486 | D:12     | Noticed a two-headed ogre
 11495 | D:12     | Killed a two-headed ogre
 11496 | D:12     | Reached skill level 10 in Invocations
 11756 | D:12     | Reached skill level 10 in Fighting
 11988 | D:12     | Noticed Jorgrun
 11998 | D:12     | Killed Jorgrun
 12203 | D:12     | Annihilated by an enormous slime creature

Illustrated notes

Levels and vault maps discovered:
D:1:      dpeg_arrival_ratfight, layout_rooms, basic_ecumenical_altar,
          serial_shops, shop, nrook_loot_triangle
D:2:      layout_basic, uniq_robin
D:3:      layout_loops_ring, makhleb_altar_promises_db, fedhas_altar_1,
          minmay_close_crescents
D:4:      layout_rooms, mainiacjoe_overflow_tiny_flanked
D:5:      layout_basic, marbit_many_paths, nicolae_ossuary_entry_catacombs
D:6:      layout_basic, serial_shops, nicolae_shop_waterfront, uniq_menkaure,
          uniq_crazy_yiuf_cottage, uniq_eustachio
D:7:      layout_loops_cross, evilmike_ruin_ashenzari,
          minmay_temple_entry_fiery, minmay_misc_feat_rugged,
          minmay_fire_ice_demons
D:8:      layout_loops_corners, lemuel_mausoleum_altar_yredelemnul,
          mainiacjoe_overflow_catwalk, general_overflow_altar,
          grunt_lair_entry_orc_guard_hut, chequers_garden
D:9:      layout_stronghold, gammafunk_ghost_hive, serial_bayou_lagoon_a,
          nicolae_shop_self_help
D:10:     layout_grid_maze, erik_orc_1
D:11:     layout_small_grid, minivault_1, nicolae_water_bricks,
          kennysheep_opposing_triangles, uniq_grum, uniq_snorg
D:12:     layout_roguey, serial_bayou, serial_bayou_shore_a,
          serial_bayou_pond_e, serial_bayou_lagoon_b, serial_bayou_pond_e,
          uniq_jorgrun
Temple:   zaba_magenta_temple

Skill      XL: |  1  2  3  4  5  6  7  8  9 10 11 12 |
---------------+-------------------------------------+-----
Dodging        | 3 4 5 6 7 9 |  9.7
Polearms       | 3 4 5 6 7 9 |  9.6
Armour         | 1 2 3 4 5 |  5.0
Shields        | 1 2 3 4 5 |  5.4
Fighting       | 3 4 5 6 8 9 10 | 10.2
Invocations    | 3 7 9 10 | 10.7
Throwing       | |  1.7

Action                     |  1- 3 |  4- 6 |  7- 9 | 10-12 || total
---------------------------+-------+-------+-------+-------++-------
  Melee: Trident           |    87 |   228 |   496 |   338 ||  1149
         Punch             |     1 |     1 |     5 |       ||     7
         Headbutt          |     2 |    40 |   111 |    66 ||   219
  Throw: Throwing net      |       |     1 |     1 |     4 ||     6
 Invoke: Major Destruction |       |       |       |     1 ||     1
    Use: Scroll            |     2 |     9 |     7 |     7 ||    25
         Potion            |     6 |       |     3 |     2 ||    11
   Stab: Sleeping          |     2 |     5 |    14 |    12 ||    33
         Invisible         |     1 |       |       |       ||     1
         Distracted        |       |     1 |       |       ||     1
         Held in net/web   |       |       |       |     3 ||     3
 Armour: Leather armour    |    26 |    92 |   121 |       ||   239
         Steam dragon scal |       |       |    34 |   110 ||   144
  Dodge: Dodged            |    41 |   134 |   287 |   250 ||   712
  Block: Buckler           |       |       |     3 |   100 ||   103

Table legend: (Time is in decaauts)
 A = Elapsed time spent in this place.
 B = Non-inter-level travel time spent in this place.
 C = Inter-level travel time spent in this place.
 D = Time resting spent in this place.
 E = Time spent auto-exploring this place.
 F = Levels seen in this place.
 G = Mean time per level.
                   A        B        C        D        E       F      G
               +--------+--------+--------+--------+--------+-----+--------+
         Total |  12435 |  12043 |    392 |   1393 |   7910 |  14 |  888.2 |
       Dungeon |  12062 |  11670 |    392 |   1393 |   7758 |  12 | 1005.2 |
        Temple |     73 |     73 |      0 |      0 |     50 |   1 |   73.0 |
       Ossuary |    298 |    298 |      0 |      0 |    102 |   1 |  298.0 |
               +--------+--------+--------+--------+--------+-----+--------+

Top non-repeatable levels by time:
    D:11: 1656 daAuts
     D:9: 1338 daAuts
    D:10: 1215 daAuts
     D:6: 1146 daAuts
     D:7: 1123 daAuts
     D:3: 1093 daAuts
     D:8: 1017 daAuts
    D:12: 797 daAuts
     D:2: 778 daAuts
     D:5: 770 daAuts
     D:1: 581 daAuts
     D:4: 544 daAuts
 Ossuary: 298 daAuts
  Temple: 73 daAuts
